 Dungeon Crawl Stone Soup version 0.29.1-2-gbd0b4ee654 (webtiles) character file.

Game seed: 11639285986806102357

101 Firos the Slasher (level 4, 0/38 HPs)
             Began as a Minotaur Gladiator on Nov 15, 2022.
             Succumbed to an adder's poison
             ... on level 3 of the Dungeon.
             The game lasted 00:01:34 (2044 turns).

Firos the Slasher (Minotaur Gladiator)              Turns: 2044, Time: 00:01:35

Health: 0/38       AC:  3    Str: 18    XL:     4   Next: 48%
Magic:  3/3        EV: 13    Int:  5    God:
Gold:   38         SH:  0    Dex: 14    Spells: 3/3 levels left

rFire   + . .      SeeInvis +   a - +0 long sword
rCold   + . .      Faith    .   (no shield)
rNeg    . . .      Spirit   .   b - +0 leather armour
rPois   +          Reflect  .   c - +0 hat
rElec   +          Harm     .   (no cloak)
rCorr   +          Rampage  .   (no gloves)
Will    .....                   (no boots)
Stlth   +.........              (no amulet)
HPRegen 0.12/turn               q - ring of see invisible
MPRegen 0.08/turn               (no ring)

@: lethally poisoned (0 -> -7), resistant, hasted, very quick
A: horns 2, retaliatory headbutt
a: no special abilities


You were on level 3 of the Dungeon.
You visited 1 branch of the dungeon, and saw 3 of its levels.

You collected 38 gold pieces.

Inventory:

Hand Weapons
 a - a +0 long sword (weapon)
Missiles
 d - 3 throwing nets (quivered)
 e - a javelin
Armour
 b - a +0 leather armour (worn)
 c - a +0 hat (worn)
Jewellery
 q - a ring of see invisible (left hand)
Wands
 r - a wand of charming (12)
Scrolls
 g - a scroll of butterflies {unknown}
 j - a scroll of enchant weapon {unknown}
 k - a scroll of teleportation {unknown}
 l - 3 scrolls of identify {unknown}
 o - a scroll of blinking {unknown}
 p - a scroll of noise {unknown}
Potions
 i - a potion of degeneration {unknown}
 m - a potion of cancellation
 n - a potion of lignification {unknown}


   Skills:
 + Level 3.3 Fighting
 * Level 4.9 Long Blades
 - Level 2.0 Throwing
 + Level 2.0 Armour
 + Level 3.9 Dodging


You had 3 spell levels left.
You didn't know any spells.
Your spell library contained the following spells:

 Spells                   Type           Power      Damage    Failure   Level
 Slow                     Hex            0%         N/A       54%         1
 Confusing Touch          Hex            0%         N/A       88%         3
 Vampiric Draining        Necr           0%         2d6       88%         3


Dungeon Overview and Level Annotations

Branches:
Dungeon (3/15)

Altars:

Shops:
D:1 *


Innate Abilities, Weirdness & Mutations

You have a pair of horns on your head.
You reflexively headbutt those who attack you in melee.


Message History

An adder comes into view.
An adder is nearby!
A hound comes into view.
The adder hisses angrily.
The adder bites you.
You hit the adder.
The adder is heavily wounded.
The adder barely misses you.
You barely miss the adder. Your headbutt misses the adder.
The adder is heavily wounded.
The adder closely misses you. The adder bites you.
You are poisoned.
The adder poisons you!
You barely miss the adder.
The adder is heavily wounded.
You feel sick. The adder bites you.
You are more poisoned.
The adder poisons you!
You barely miss the adder.
The adder is heavily wounded.
You feel sick. The hound bites you. The adder bites you.
The hound barely misses you. The adder bites you.
* * * LOW HITPOINT WARNING * * *
You are lethally poisoned!
The adder poisons you!
It was a potion of cancellation.
You feel magically purged.
* * * LOW HITPOINT WARNING * * *
You feel very sick. The hound bites you but does no damage.
The adder bites you.
* * * LOW HITPOINT WARNING * * *
The hound barely misses you. You furiously retaliate!
You headbutt the hound.
It was a potion of resistance.
You feel protected.
* * * LOW HITPOINT WARNING * * *
You feel sick. The adder misses you. You furiously retaliate!
You headbutt the adder!
You kill the adder!
The hound bites you but does no damage.
It was a potion of haste.
You feel yourself speed up.
You die...

##.....# .. #
......# .
#.###.#.#.#.# #
.......#$#.##.#
.............
##.....#.....
#..........#
#..#h@†# .
##......#...
#...$.......
###....##....
###.##.# .....
#...##......##
#.####........
#...........##
#.####.###..


You could see a hound.

Vanquished Creatures
  5 adders
  A worm (D:3)
  4 dart slugs
  2 ball pythons (D:1)
  5 endoplasms
  2 giant cockroaches (D:2)
  7 goblins
  A hobgoblin (D:1)
  4 jackals (D:1)
  A quokka (D:2)
  4 bats
  5 frilled lizards
  5 kobolds
  2 rats
48 creatures vanquished.

Notes
Turn   | Place    | Note
-------+----------+-------------------------------------------
     0 | D:1      | Firos the Minotaur Gladiator began the quest for the Orb.
     0 | D:1      | Reached XP level 1. HP: 18/18 MP: 0/0
   196 | D:1      | Reached XP level 2. HP: 23/25 MP: 1/1
   199 | D:1      | Reached skill level 4 in Long Blades
   381 | D:1      | Reached skill level 1 in Armour
   566 | D:1      | Reached XP level 3. HP: 23/30 MP: 2/2
   654 | D:1      | Found Hujuephuu's Assorted Antiques.
   822 | D:1      | Found a faded altar of an unknown god.
  1467 | D:2      | Reached XP level 4. HP: 35/38 MP: 3/3
  2044 | D:3      | Succumbed to an adder's poison

Illustrated notes

Levels and vault maps discovered:
D:1:      lemuel_arrival_muddy, layout_basic, serial_shops, shop,
          chequers_ecumenical_altar_twisty, dk_noncrumbling_3, minivault_24
D:2:      layout_basic, kennysheep_generic_room_6
D:3:      layout_basic, mainiacjoe_overflow_24_doors, kennysheep_minor_cross,
          columned_hall_lemuel

Skill      XL: |  1  2  3  4 |
---------------+-------------+-----
Long Blades    | 4 |  4.9
Armour         | 1 2 |  2.0
Fighting       | 3 |  3.3
Throwing       | |  2.0
Dodging        | |  3.9

Action                   |  1- 3 |  4- 6 || total
-------------------------+-------+-------++-------
Melee: Long sword        |    76 |    23 ||    99
       Headbutt          |     5 |     5 ||    10
       Punch             |     2 |       ||     2
  Use: Potion            |       |     3 ||     3
Armor: Leather armour    |    25 |     4 ||    29
Dodge: Dodged            |    64 |    20 ||    84
